 Dungeon Crawl Stone Soup version 0.31-a0-18-gea43df2a32 (webtiles) character file.

Game seed: 16122650866118140712

18693 senseless the Blocker (level 12, -12/113 HPs)
             Began as a Minotaur Fighter on May 12, 2023.
             Was an Initiate of Gozag.
             Engulfed by a cloud of flame (19 damage)
             ... in a Gauntlet.
             The game lasted 00:30:06 (10082 turns).

senseless the Blocker (Minotaur Fighter)           Turns: 10082, Time: 00:30:07

Health: -12/113    AC: 20    Str: 24    XL:     12   Next: 30%
Magic:  9/9        EV: 10    Int:  3    God:    Gozag
Gold:   3300       SH:  8    Dex: 18    Spells: 11/11 levels left

rFire   . . .        H - +5 mace (spect)
rCold   . . .        c - +0 buckler
rNeg    . . .        x - quicksilver dragon scales
rPois   .            (helmet restricted)
rElec   .            y - +1 cloak
rCorr   .            r - +2 pair of gloves
SInv    +            (no boots)
Will    +....        K - amulet of regeneration
Stlth   +            n - ring of flight
HPRegen 1.98/turn    C - ring of see invisible
MPRegen 0.11/turn

%: no teleportation
@: gold aura, flying
A: horns 2, retaliatory headbutt, agile 2, low MP 1, regeneration 1
a: Renounce Religion, Potion Petition, Call Merchant, Bribe Branch


You were in a Gauntlet.
You worshipped Gozag.
Gozag was most pleased with you.
You visited 1 branch of the dungeon, and saw 12 of its levels.
You also visited: Bailey and Gauntlet.

You collected 3300 gold pieces.

Inventory:

Hand Weapons
 e - a +2 spear of freezing
 s - the +1 whip "Grim" {heavy, rF++ Dex+5}
   (You found it on level 3 of the Dungeon)

   Dex:       It affects your dexterity (+5).
   rF:        It greatly protects you from fire.
 A - a +3 quarterstaff of chaos
 B - the +7 trident of Attainder {pain, rF+}
   (You found it on level 4 of the Dungeon)

   rF:        It protects you from fire.
 D - the +7 dagger "Reufyis" {drain, Drain rC+ rN++ MP+9}
   (You found it on level 9 of the Dungeon)

   rC:        It protects you from cold.
   rN:        It greatly protects you from negative energy.
   MP:        It affects your magic capacity (+9).
   Drain:     It drains your maximum health when unequipped.
 F - a +4 scimitar of flaming
 H - a +5 spectral mace (weapon)
 I - a +3 heavy flail
 P - a +1 war axe of flaming
Missiles
 q - 3 throwing nets (quivered)
Armour
 c - a +0 buckler (worn)
 i - a +0 chain mail
 r - a +2 pair of gloves (worn)
 x - quicksilver dragon scales (worn)
 y - a +1 cloak (worn)
 M - a +2 scale mail of positive energy
Magical Staves
 R - the staff of air "Dece" {rElec Str+2}
   (You found it in a Gauntlet)

   [staff of air]

   Base accuracy: +5 Base damage: 5 Base attack delay: 1.2 This weapon's minimum
   attack delay (0.6) is reached at skill level 12.
   Str:       It affects your strength (+2).
   rElec:     It insulates you from electricity.
   It falls into the 'Staves' category.
   It is a one-handed weapon.
Jewellery
 n - a ring of flight (left hand)
 t - a ring of magical power
 C - a ring of see invisible (right hand)
 J - a ring of positive energy
 K - an amulet of regeneration (around neck)
 Q - a ring of wizardry
Wands
 h - a wand of light (9)
 v - a wand of digging (4)
 z - a wand of flame (49)
 N - a wand of charming (3)
Scrolls
 f - 6 scrolls of teleportation
 k - 3 scrolls of fog
 l - 2 scrolls of amnesia
 E - a scroll of blinking
 L - 2 scrolls of brand weapon
Potions
 a - a potion of attraction
 b - 2 potions of mutation
 d - a potion of might
 g - 2 potions of invisibility
 j - a potion of haste
 m - 3 potions of brilliance
 o - a potion of flight {unknown}
 p - 6 potions of curing
 u - 2 potions of lignification
 w - 2 potions of heal wounds
 G - 4 potions of cancellation
 O - 2 potions of degeneration {unknown}


   Skills:
 + Level 12.7 Fighting
 - Level 10.9(11.6) Axes
 + Level 6.0(9.3) Maces & Flails
 + Level 12.7 Armour
 + Level 12.8 Shields


You had 11 spell levels left.
You didn't know any spells.
Your spell library contained the following spells:

 Spells                   Type           Power      Damage    Failure   Level
 Magic Dart               Conj           0%         1d3       67%         1
 Cigotuvi's Dreadful Rot  Necr/Pois/Air  0%         N/A       82%         2
 Lesser Beckoning         Tloc           0%         N/A       82%         2
 Poisonous Vapours        Pois/Air       0%         N/A       82%         2
 Searing Ray              Conj           0%         2d4       82%         2
 Sublimation of Blood     Necr           0%         N/A       82%         2
 Wereblood                Tmut           0%         N/A       82%         2
 Gell's Gravitas          Tloc           0%         N/A       96%         3
 Ignite Poison            Fire/Tmut/Pois 0%         N/A       96%         3
 Mephitic Cloud           Conj/Pois/Air  0%         N/A       96%         3
 Teleport Other           Tloc           0%         N/A       96%         3
 Fulminant Prism          Conj/Hex       0%         3d5       100%        4
 Leda's Liquefaction      Hex/Erth       0%         N/A       100%        4
 Blade Hands              Tmut           0%         N/A       100%        5
 Freezing Cloud           Conj/Ice/Air   0%         6-21      100%        5
 Irradiate                Conj/Tmut      0%         3d11      100%        5
 Lee's Rapid Deconstruct  Erth           0%         3d4*      100%        5
 Statue Form              Tmut/Erth      0%         N/A       100%        6
 Dragon Form              Tmut           0%         N/A       100%        7
 Summon Hydra             Summ           0%         N/A       100%        7


Dungeon Overview and Level Annotations

Branches:
Dungeon (12/15)            Temple (0/1) D:4            Lair (0/5) D:10
    Orc (0/2) D:10         Bailey (visited)         Gauntlet (1/1)

Altars:
Ashenzari
Elyvilon
Fedhas
Gozag
Hepliaklqana
Kikubaaqudgha
Nemelex Xobeh
Okawaru
Qazlal
Ru
Sif Muna
Wu Jian
Yredelemnul
Zin
The Shining One

Shops:
D:7 [   D:10 ![*   D:12 =*

Annotations:
D:11 3 runed translucent doors, alfthe's ghost, journeyman HOFi Gauntlet 9 transporters, 1 runed translucent door, exclusion: orange crystal statue


Innate Abilities, Weirdness & Mutations

You have a pair of horns on your head.
You reflexively headbutt those who attack you in melee.
You are very agile. (Dex +8, Str/Int -2)
Your magical capacity is low. (-10% MP)
Your natural rate of healing is unusually fast.


Message History

You hit the hell hound.
You headbutt the hell hound, but do no damage.
The hell hound is severely wounded.
Your +5 spectral mace hits the hell hound but does no damage.
The hell hound misses you. You furiously retaliate!
You headbutt the hell hound!
You kill the hell hound!
The fire crab is distracted by your dazzling golden aura.
You sock the fire bat!
The fire bat is no longer distracted by gold.
You headbutt the fire bat.
The fire bat is severely wounded.
Your +5 spectral mace hits the fire bat!
You kill the fire bat!
The fire crab is no longer distracted by gold.
The fire crab bites you but does no damage.
The fire crab claws you but does no damage.
A fire crab is nearby!
You sock the fire crab! You headbutt the fire crab.
The fire crab is moderately wounded.
Your +5 spectral mace hits the fire crab!
You block the fire crab's attack.
The fire crab claws you but does no damage.
Unknown command.
You hit the fire crab but do no damage. Your headbutt misses the fire crab.
The fire crab is severely wounded.
Your +5 spectral mace hits the fire crab!
The fire crab breathes flames at you. The blast of flame engulfs you.
* * * LOW HITPOINT WARNING * * *
Your +5 spectral mace is engulfed in blazing flames.
You closely miss the fire crab. You headbutt the fire crab.
You kill the fire crab!
Your +5 spectral mace disappears.
You are engulfed in blazing flames.
* * * LOW HITPOINT WARNING * * *
Your base Maces & Flails skill increases to level 6!
You are engulfed in blazing flames.
You die...
Your body crumbles into a pile of gold.

..#.©.#....8...#.8.#...8.##
..#...#........#.©.#......##
..#.©.#.....###########...≈#
#########...#.........#...##
#.......#...#.^##.##^.#...≈#
#.####..#...#.##°..##.#...##
#.#..##.#...#^#.°°°.#.#...≈#
#..#©.#.#.8.#...°°°...#.8.##
#.^##.#.#...#.#.@°°.#.#...≈#
#..^.##3#...#.##.^^##.#..§##
#.!=3.33#...#.^##.##^.#..§§#
#########...#..."©$$..#...##
............###########...§#
....8.....8...............##
.................8......8.≈#
#########≈#...............##
#.......####≈#§#≈#≈#≈#§#≈##


There were no monsters in sight!

Vanquished Creatures
  2 two-headed ogres
  2 boulder beetles (D:11)
  A fire crab (Gauntlet)
  Pikel (D:7)
  An ugly thing (D:12)
  2 cyclopes (D:12)
  A manticore (D:12)
  3 unseen horrors
  An efreet (Gauntlet)
  Maggie (D:7)
  3 trolls
  Grinder (D:6)
  A shadow (D:9)
  18 yaks
  2 vampires (D:12)
  6 slime creatures (D:12)
  A fire elemental (Gauntlet)
  2 wyverns
  A human (D:8)
  3 fire bats (Gauntlet)
  Grum (D:8)
  2 steam dragons
  4 hogs (D:8)
  2 wargs (D:10)
  3 hell hounds (Gauntlet)
  Edmund (D:6)
  An acid dragon (D:10)
  8 orc warriors
  Duvessa (D:7)
  An ice beast (D:5)
  3 black bears
  A sky beast (D:6)
  4 ogres
  3 wolves (D:8)
  3 centaurs
  A lemure (D:7)
  8 kobold brigands
  3 bullfrogs
  4 scorpions
  A gnoll sergeant (D:11)
  Dowan (D:7)
  8 killer bees (D:10)
  5 howler monkeys
  A human zombie (D:9)
  4 hounds
  2 jellies
  7 orc priests
  A gnoll bouda (D:4)
  Crazy Yiuf (D:3)
  A sleepcap (D:5)
  8 orc wizards
  4 iguanas
  10 gnolls
  10 adders
  2 shadow imps
  6 white imps
  An ufetubus (D:6)
  2 worms (D:2)
  3 dart slugs
  23 orcs
  5 bats
  11 endoplasms
  4 giant cockroaches
  10 goblins
  10 hobgoblins
  7 jackals
  18 kobolds
  7 quokkas
  11 ball pythons
  3 frilled lizards
  A jackal skeleton (D:9)
  12 rats
307 creatures vanquished.

Vanquished Creatures (others)
  A spectral weapon (D:12)
1 creature vanquished.

Grand Total: 308 creatures vanquished

Notes
Turn   | Place    | Note
-------+----------+-------------------------------------------
     0 | D:1      | senseless the Minotaur Fighter began the quest for the Orb.
     0 | D:1      | Reached XP level 1. HP: 19/19 MP: 0/0
   206 | D:1      | Reached XP level 2. HP: 26/27 MP: 1/1
   484 | D:1      | Reached XP level 3. HP: 32/33 MP: 2/2
   960 | D:2      | Reached XP level 4. HP: 40/40 MP: 3/3
  1440 | D:2      | Found a faded altar of an unknown god.
  1489 | D:2      | Prayed at the altar of an unknown god.
  1489 | D:2      | Became a worshipper of Gozag Ym Sagoz the Greedy
  1547 | D:3      | Reached XP level 5. HP: 41/47 MP: 4/4
  1584 | D:3      | Found a hazy altar of Hepliaklqana.
  1585 | D:3      | Found a broken altar of Ashenzari.
  1847 | D:3      | Identified the +1 whip "Grim" {heavy, rF++ Dex+5}
  2029 | D:3      | Found a runed translucent door.
  2030 | D:3      | Noticed Crazy Yiuf
  2219 | D:3      | Noticed an ogre
  2221 | D:3      | Reached skill level 5 in Armour
  2243 | D:3      | Reached skill level 5 in Fighting
  2243 | D:3      | Reached skill level 5 in Shields
  2263 | D:3      | Killed an ogre
  2264 | D:3      | Reached XP level 6. HP: 17/56 MP: 5/5
  2932 | D:3      | Killed Crazy Yiuf
  3001 | D:4      | Identified the +7 trident of Attainder {pain, rF+}
  3019 | D:4      | Found a staircase to the Ecumenical Temple.
  3509 | D:4      | Reached skill level 5 in Axes
  3509 | D:4      | Reached XP level 7. HP: 61/61 MP: 6/6
  3768 | D:5      | Entered Level 5 of the Dungeon
  4098 | D:5      | Reached XP level 8. HP: 71/71 MP: 7/7
  4135 | D:5      | Found a sacrificial altar of Ru.
  4199 | D:5      | Found a shimmering blue altar of Sif Muna.
  4233 | D:5      | Found an ornate altar of the Wu Jian Council.
  4579 | D:6      | Found an opulent altar of Gozag.
  4595 | D:6      | Noticed Edmund
  4602 | D:6      | Killed Edmund
  4878 | D:6      | Noticed Grinder
  4891 | D:6      | Killed Grinder
  4892 | D:6      | Reached XP level 9. HP: 45/81 MP: 8/8
  5336 | D:6      | Found a glowing golden altar of the Shining One.
  5419 | D:6      | Gained mutation: You have very sharp teeth. [potion of
                  | mutation]
  5420 | D:6      | Lost mutation: You have very sharp teeth. [potion of
                  | mutation]
  5420 | D:6      | Gained mutation: You sometimes lose your temper in combat.
                  | [potion of mutation]
  5420 | D:6      | Gained mutation: You have supernaturally acute eyesight.
                  | (SInv) [potion of mutation]
  5420 | D:6      | Gained mutation: You are agile. (Dex +4, Str/Int -1)
                  | [potion of mutation]
  5420 | D:6      | Gained mutation: You are very agile. (Dex +8, Str/Int -2)
                  | [potion of mutation]
  5421 | D:6      | Lost mutation: You have supernaturally acute eyesight.
                  | (SInv) [potion of mutation]
  5421 | D:6      | Lost mutation: You sometimes lose your temper in combat.
                  | [potion of mutation]
  5421 | D:6      | Gained mutation: Your natural rate of healing is unusually
                  | fast. [potion of mutation]
  5421 | D:6      | Gained mutation: Your magical capacity is low. (-10% MP)
                  | [potion of mutation]
  5426 | D:7      | Found Wecwu's Armour Shop.
  5720 | D:7      | Noticed Maggie
  5729 | D:7      | Killed Maggie
  5758 | D:7      | Found a stormy altar of Qazlal.
  5761 | D:7      | Found a blossoming altar of Fedhas.
  5764 | D:7      | Found a glowing silver altar of Zin.
  5767 | D:7      | Found an ancient bone altar of Kikubaaqudgha.
  5809 | D:7      | Noticed Duvessa
  5813 | D:7      | Noticed Dowan
  5819 | D:7      | Killed Duvessa
  5830 | D:7      | Killed Dowan
  5922 | D:7      | Noticed Pikel
  5931 | D:7      | Killed Pikel
  6662 | D:8      | Reached XP level 10. HP: 91/91 MP: 8/8
  6828 | D:8      | Found a sparkling altar of Nemelex Xobeh.
  7123 | D:8      | Noticed Grum
  7132 | D:8      | Killed Grum
  7138 | D:8      | Reached skill level 10 in Shields
  7138 | D:8      | Found an iron altar of Okawaru.
  7143 | D:8      | Reached skill level 10 in Armour
  7315 | D:9      | Found a runed translucent door.
  7333 | D:9      | Reached skill level 10 in Fighting
  7336 | D:9      | Found a basalt altar of Yredelemnul.
  7452 | D:9      | Identified the +7 dagger "Reufyis" {drain, Drain rC+ rN++
                  | MP+9}
  7579 | D:9      | Reached skill level 10 in Axes
  7809 | D:10     | Entered Level 10 of the Dungeon
  7809 | D:10     | Found Cotzamm's Antique Armour Shop.
  7995 | D:10     | Found Keulot's Distillery.
  8009 | D:10     | Found a flagged portal.
  8059 | D:10     | Reached XP level 11. HP: 90/101 MP: 8/8
  8067 | Bailey   | Entered a bailey
  8153 | Bailey   | Found an iron altar of Okawaru.
  8363 | D:10     | Found a staircase to the Orcish Mines.
  8454 | D:10     | Found a staircase to the Lair.
  8567 | D:10     | Found Piebiuti's General Store.
  8719 | D:11     | Noticed a purple ugly thing
  8719 | D:11     | Found a runed translucent gate.
  8719 | D:11     | Found a runed translucent gate.
  8719 | D:11     | Found a runed translucent gate.
  8788 | D:11     | Found a white marble altar of Elyvilon.
  8823 | D:11     | Reached skill level 1 in Maces & Flails
  9149 | D:11     | Noticed a two-headed ogre
  9154 | D:11     | Killed a two-headed ogre
  9173 | D:11     | Noticed a boulder beetle
  9186 | D:11     | Killed a boulder beetle
  9350 | D:11     | Noticed a minotaur
  9351 | D:11     | Noticed alfthe's ghost (journeyman HOFi)
  9455 | D:11     | Noticed a boulder beetle
  9469 | D:11     | Killed a boulder beetle
  9723 | D:12     | Found Apsog's Jewellery Boutique.
  9738 | D:12     | Found Diured's Assorted Antiques.
  9742 | D:12     | Noticed a two-headed ogre
  9743 | D:12     | Noticed a brown ugly thing
  9749 | D:12     | Killed a two-headed ogre
  9754 | D:12     | Killed a brown ugly thing
  9759 | D:12     | Reached XP level 12. HP: 71/112 MP: 9/9
  9771 | D:12     | Reached skill level 5 in Maces & Flails
  9781 | D:12     | Found a gate leading to a gauntlet.
  9812 | Gauntlet | Entered a Gauntlet
  9812 | Gauntlet | Found a transporter.
  9850 | Gauntlet | Found a transporter.
  9867 | Gauntlet | Found a transporter.
  9871 | Gauntlet | Found a transporter.
  9878 | Gauntlet | Noticed a blizzard demon
  9892 | Gauntlet | Found a transporter.
  9905 | Gauntlet | Found a transporter.
  9913 | Gauntlet | Found a transporter.
  9917 | Gauntlet | Found a transporter.
  9948 | Gauntlet | Found a transporter.
  9977 | Gauntlet | Found a transporter.
  9977 | Gauntlet | Found a transporter.
  9978 | Gauntlet | Found a runed translucent door.
  9982 | Gauntlet | Found a transporter.
  9992 | Gauntlet | Found a runed translucent door.
 10064 | Gauntlet | Identified the staff of air "Dece" {rElec Str+2}
 10081 | Gauntlet | HP: 5/113 [something (11)]
 10082 | Gauntlet | Engulfed by a cloud of flame

Illustrated notes

Levels and vault maps discovered:
D:1:      saegor_arrival_simple_a, layout_basic
D:2:      minmay_alternating_diamond, layout_basic,
          hellmonk_ecumenical_altar_inner_sanctum, kennysheep_generic_room_15
D:3:      minmay_bubble_buster, layout_loops_ring, nicolae_overflow_squiral,
          uniq_crazy_yiuf_cottage
D:4:      layout_basic, minmay_temple_entry_offerings
D:5:      layout_basic, led_sif_pool, lemuel_round_altar,
          mainiacjoe_overflow_paths
D:6:      layout_basic, mainiacjoe_overflow_tiny_flanked,
          nicolae_tso_swordbearing_angel, kennysheep_nub, minmay_quadrilaterals,
          uniq_grinder, uniq_edmund
D:7:      layout_layer_cave, grunt_temple_overflow_cloverleaf, serial_shops,
          nicolae_shop_crystal, glass_columns_a, uniq_maggie, uniq_duvessa,
          uniq_pikel
D:8:      layout_cave_pods, mainiacjoe_overflow_boulevard,
          amcnicky_altar_gilded, grunt_livestock, moated_statue, uniq_grum
D:9:      layout_gridville, dk_yredelemnul_ordeal
D:10:     layout_loops_cross, erik_lair_orcish_takeover, orc_0_dummy,
          serial_shops, shop_fountains, nicolae_diamond_shop,
          kennysheep_little_box, enter_bailey_5
D:11:     layout_basic, maelrawn_ghost_gauntlet_escape, elyvilon_altar_4
D:12:     layout_rooms, gauntlet_entry_generic, serial_shops,
          nicolae_shop_hallway_plus, shop, nicolae_shop_tiny_waterfront,
          nicolae_shop_dealshenge
Gauntlet: minmay_gauntlet_mixed_oops_all_seconds
          [minmay_gauntlet_arena_77_shame_cube, nicolae_gauntlet_swirl,
          minmay_gauntlet_arena_77_braids,
          gammafunk_gauntlet_arena_split_diamond,
          minmay_gauntlet_arena_77_hold_the_fort,
          nicolae_gauntlet_arena_t_cross, gauntlet_exit_watery]

Skill      XL: |  1  2  3  4  5  6  7  8  9 10 11 12 |
---------------+-------------------------------------+-----
Shields        | 4 5 6 8 9 10 12 | 12.8
Fighting       | 4 5 6 8 9 10 12 | 12.7
Armour         | 4 5 6 8 9 10 12 | 12.7
Axes           | 3 4 5 6 7 9 10 | 10.9
Maces & Flails | 4 6 |  6.0

Action                     |  1- 3 |  4- 6 |  7- 9 | 10-12 || total
---------------------------+-------+-------+-------+-------++-------
  Melee: War axe           |    49 |       |       |       ||    49
         Headbutt          |    10 |    14 |    43 |   116 ||   183
         Spear             |    20 |    62 |       |       ||    82
         Whip              |       |    46 |       |       ||    46
         Trident           |       |    33 |   245 |       ||   278
         Mace              |       |       |     7 |   383 ||   390
    Use: Potion            |       |       |     4 |       ||     4
         Scroll            |       |       |    15 |     6 ||    21
   Stab: Distracted        |       |       |     1 |     9 ||    10
 Armour: Scale mail        |    30 |       |       |       ||    30
         Chain mail        |       |    48 |       |       ||    48
         Quicksilver drago |       |    12 |   102 |   175 ||   289
  Dodge: Dodged            |    36 |    35 |   103 |   177 ||   351
  Block: Buckler           |    10 |    24 |    54 |   159 ||   247

Table legend: (Time is in decaauts)
 A = Elapsed time spent in this place.
 B = Non-inter-level travel time spent in this place.
 C = Inter-level travel time spent in this place.
 D = Time resting spent in this place.
 E = Time spent auto-exploring this place.
 F = Levels seen in this place.
 G = Mean time per level.
                   A        B        C        D        E       F      G
               +--------+--------+--------+--------+--------+-----+--------+
         Total |  10179 |   9688 |    491 |     81 |   7614 |  14 |  727.1 |
       Dungeon |   9686 |   9195 |    491 |     52 |   7334 |  12 |  807.2 |
        Bailey |    224 |    224 |      0 |      0 |    105 |   1 |  224.0 |
      Gauntlet |    269 |    269 |      0 |     29 |    175 |   1 |  269.0 |
               +--------+--------+--------+--------+--------+-----+--------+

Top non-repeatable levels by time:
     D:3: 1508 daAuts
     D:7: 1170 daAuts
     D:6: 927 daAuts
     D:4: 864 daAuts
    D:11: 858 daAuts
     D:1: 787 daAuts
    D:10: 752 daAuts
     D:2: 740 daAuts
     D:8: 738 daAuts
     D:5: 665 daAuts
     D:9: 493 daAuts
Gauntlet: 269 daAuts
  Bailey: 224 daAuts
    D:12: 179 daAuts
